 Dungeon Crawl Stone Soup version 0.28-a0-957-g42eb19b844 (webtiles) character file.

Game seed: 13768937467420821250

2 Blackjack the Grave Robber (level 1, 8/9 HPs)
             Began as a Vine Stalker Necromancer on Aug 27, 2020.
             Quit the game on level 1 of the Dungeon on Nov 30, 2021.
             The game lasted 00:05:47 (319 turns).

Blackjack the Grave Robber (VSNe)                    Turns: 319, Time: 00:05:48

Health: 8/9        AC:  3    Str: 10    XL:     1   Next: 40%
Magic:  3/4        EV: 11    Int: 15    God:
Gold:   9          SH:  0    Dex: 14    Spells: 3/4 levels left

rFire   . . .      SeeInvis .   (no weapon)
rCold   . . .      Faith    .   (no shield)
rNeg    . . .      Spirit   +   e - +0 leather armour
rPois   .          Reflect  .   (no helmet)
rElec   .          Harm     .   (no cloak)
rCorr   .          Rampage  .   (no gloves)
Will    .....                   (no boots)
Stlth   ++........              (no amulet)
HPRegen 0.03/turn               (no ring)
MPRegen 0.09/turn               (no ring)

@: no status effects
A: fangs 2, magic shield, antimagic bite, no potion heal 2
a: no special abilities


You were on level 1 of the Dungeon.
You visited 1 branch of the dungeon, and saw 1 of its levels.

You collected 9 gold pieces.

Inventory:

Armour
 a - a +0 robe
 e - a +0 leather armour (worn)
Scrolls
 b - a scroll of removedness
 c - a scroll of teleportation {unknown}
 d - a scroll of identify {unknown}


   Skills:
 + Level 1.5 Dodging
 + Level 2.4 Stealth
 + Level 2.1 Spellcasting
 + Level 4.1 Necromancy


You had 3 spell levels left.
You knew the following spells:

 Your Spells              Type           Power      Damage    Failure   Level
a - Pain                  Necr           56%        1d6       5%          1

Your spell library contained the following spells:

 Spells                   Type           Power      Damage    Failure   Level
 Animate Skeleton         Necr           28%        N/A       5%          1
 Vampiric Draining        Necr           14%        2d7       16%         3
 Animate Dead             Necr           7%         N/A       47%         4
 Agony                    Necr           14%        N/A       83%         5


Dungeon Overview and Level Annotations

Branches:
Dungeon (1/15)

Altars:


Innate Abilities, Weirdness & Mutations

You have extremely sharp teeth.
When hurt, damage is shared between your health and your magic reserves.
Your bite disrupts and absorbs the magic of your enemies.
Potions cannot restore your health.


Message History

Okay, then.
Welcome back, Blackjack the Vine Stalker Necromancer.
Press ? for a list of commands and other information.
Magic restored.
HP restored.
A bat comes into view.
The bat completely misses you.
You barely miss the bat. The bat barely misses you.
The bat hits you but does no damage.
You miss the bat. You bite the bat. You drain its power.
The bat is moderately wounded.
The bat closely misses you. The bat barely misses you.
You closely miss the bat.
The bat is moderately wounded.
The bat hits you but does no damage. The bat barely misses you.
You closely miss the bat.
The bat is moderately wounded.
The bat hits you but does no damage. The bat hits you but does no damage.
You closely miss the bat. You bite the bat, but do no damage.
The bat is moderately wounded.
The bat closely misses you.
You hit the bat but do no damage. You bite the bat, but do no damage.
The bat barely misses you. The bat closely misses you.
Casting: Pain (safe; 5% risk of failure)
Confirm with . or Enter, or press ? or * to list all spells.
Okay, then.
The bat misses you.
Casting: Pain (safe; 5% risk of failure)
Confirm with . or Enter, or press ? or * to list all spells.
Aiming: Pain (safe; 5% risk of failure)
Press: ? - help, Shift-Dir - straight line, f - bat
Aim: a bat (chance to affect: 83%)
The bat writhes in agony.
You kill the bat!
Unknown command.
Unknown command.
Are you sure you want to abandon this character and quit the game? (Confirm with "yes".)

.....^....##
...........#
...........#
...........#
..........##
#.........### ###
#......##...### ....
#......####...#####..#
##.#...#.####...@...#
...#..)#..######.#.##
.#.#.#.#.........# #
.#.#.#.#.######...
.#..........#...##.
.#......†.....## ##
............###
.#...##....##
..........##


There were no monsters in sight!

Vanquished Creatures
  A hobgoblin (D:1)
  2 bats (D:1)
3 creatures vanquished.

Notes
Turn   | Place    | Note
-------+----------+-------------------------------------------
     0 | D:1      | Blackjack the Vine Stalker Necromancer began the quest for
                  | the Orb.
     0 | D:1      | Reached XP level 1. HP: 9/9 MP: 4/4
    74 | D:1      | Upgraded the game from 0.26-a0-597-gb535b0901c to
                  | 0.28-a0-957-g42eb19b844
   319 | D:1      | Quit the game

Illustrated notes

Levels and vault maps discovered:
D:1:      dpeg_arrival_long_road, layout_rooms, chequers_serial_rivers_room_a,
          chequers_serial_rivers_micro_d, chequers_serial_rivers_room_b

Action                   || total
-------------------------++-------
Melee: Unarmed           ||    10
       Bite              ||     3
       Punch             ||     2
 Cast: Pain              ||     5
  Use: Potion            ||     2
 Stab: Sleeping          ||     1
Armor: Leather armour    ||     4
       Robe              ||     2
Dodge: Dodged            ||    10

Table legend: (Time is in decaauts)
 A = Elapsed time spent in this place.
 B = Non-inter-level travel time spent in this place.
 C = Inter-level travel time spent in this place.
 D = Time resting spent in this place.
 E = Time spent auto-exploring this place.
 F = Levels seen in this place.
 G = Mean time per level.
                   A        B        C        D        E       F      G
               +--------+--------+--------+--------+--------+-----+--------+
         Total |    319 |    319 |      0 |      0 |    227 |   1 |  319.0 |
       Dungeon |    319 |    319 |      0 |      0 |    227 |   1 |  319.0 |
               +--------+--------+--------+--------+--------+-----+--------+

Top non-repeatable levels by time:
     D:1: 319 daAuts
